 Dungeon Crawl Stone Soup version 0.21-a0-94-gdd6ab6a (webtiles) character file.

42 sagitran the Skirmisher (level 3, 0/34 HPs)
             Began as a Gnoll Wanderer on July 1, 2017.
             Shot with a stone by a goblin (5 damage)
             ... led by Robin
             ... on level 2 of the Dungeon.
             The game lasted 00:11:07 (1341 turns).

sagitran the Skirmisher (Gnoll Wanderer)            Turns: 1341, Time: 00:11:07

Health: 0/34       AC:  2    Str:  9    XL:     3   Next: 56%
Magic:  3/6        EV: 11    Int: 14    God:
Gold:   89         SH:  0    Dex: 14    Spells: 2/6 levels left

rFire    . . .     SeeInvis .   j - +1 dagger (venom)
rCold    . . .     Gourm    .   (no shield)
rNeg     . . .     Faith    .   d - +0 robe
rPois    .         Spirit   .   (no helmet)
rElec    .         Reflect  .   (no cloak)
rCorr    .         Harm     .   (no gloves)
MR       +....                  (no boots)
Stlth    ++........             (no amulet)
HPRegen  0.11/turn              i - ring of protection from magic
MPRegen  0.10/turn              (no ring)

@: very slightly contaminated
A: short attention span, fangs 1, strong nose
a: no special abilities


You were on level 2 of the Dungeon.
You were not hungry.

You visited 1 branch of the dungeon, and saw 2 of its levels.

You collected 89 gold pieces.

Inventory:

Hand Weapons
 j - a +1 dagger of venom (weapon)
 l - a +0 quarterstaff
Missiles
 k - 49 stones (quivered)
Armour
 d - a +0 robe (worn)
Jewellery
 i - a ring of protection from magic (left hand)
Wands
 a - a wand of confusion (15/48)
Scrolls
 c - a scroll of teleportation
 e - a scroll of identify
 h - 2 scrolls of amnesia
Potions
 f - a potion of heal wounds {unknown}
 g - a potion of curing
Books
 b - the Incunabulum of Good Luck

   Spells                             Type                      Level
   a - Infusion                       Charms                       1
   b - Spectral Weapon                Hexes/Charms                 3
Comestibles
 m - a royal jelly


   Skills:
 + Level 6.1 Fighting
 + Level 1.9 Short Blades
 + Level 0.4 Dodging
 + Level 2.0 Stealth
 + Level 2.4 Spellcasting
 + Level 0.9 Charms
   Level 4.8 Necromancy
   Level 1.7 Fire Magic
 + Level 1.9 Evocations


You had 2 spell levels left.
You knew the following spells:

 Your Spells              Type           Power        Failure   Level  Hunger
a - Infusion              Chrm           #...         16%         1    #......
b - Spectral Weapon       Hex/Chrm       #.......     50%         3    ###....


Dungeon Overview and Level Annotations

Branches:
Dungeon (2/15)

Altars:
Hepliaklqana

Annotations:
D:2 Robin


Innate Abilities, Weirdness & Mutations

You have a short attention span.
You have very sharp teeth.
Your uncanny sense of smell can sniff out nearby items.


Message History

You barely miss the goblin. Your bite misses the goblin.
The goblin is heavily wounded.
The goblin misses you.
The goblin shoots a stone.
The stone hits you.
* * * LOW HITPOINT WARNING * * *
The goblin no longer looks unusually strong.
As you read the scroll labeled ENYFAU ZUSHROYS, it crumbles to dust.
It is a scroll of amnesia.
Forget which spell ([?*] list [ESC] exit)?
Forget which spell ([?*] list [ESC] exit)?
Okay, then.
The goblin hits you but does no damage.
Casting: Infusion
Confirm with . or Enter, or press ? or * to list all spells.
You miscast Spectral Weapon.
You are very lightly contaminated with residual magic.
Your hands glow momentarily.
The goblin misses you.
You hit the goblin.
You kill the goblin!
The goblin shoots a stone.
The stone hits you.
You die...

........## ∆ #<#. ........#
#####.####.$S ........#
###..........g ).......#
##....... ...g ........#
##.......∆ ..# ..).)...#
#.......# #g# ........##
#.......# #)#
...........#.......######)#
..###..###.....(@)ggg)Kg..#
..###.######.......##############
.............._..................
.)###.######.......######.....###
..###.#### ##.....## #..#####
.........# ##...## ###.##
.........#############...#
.......................###
.........###############


You could see a hobgoblin, 3 goblins and a kobold.

Vanquished Creatures
  A worm (D:2)
  A dart slug (D:1)
  A giant cockroach (D:1)
  7 goblins
  6 hobgoblins
  5 kobolds
  A ball python (D:1)
  5 bats
  2 frilled lizards (D:1)
  9 rats
38 creatures vanquished.

Vanquished Creatures (others)
  6 toadstools (D:2)
6 creatures vanquished.

Grand Total: 44 creatures vanquished

Notes
Turn   | Place    | Note
-------+----------+-------------------------------------------
     0 | D:1      | sagitran the Gnoll Wanderer began the quest for the Orb.
     0 | D:1      | sagitran set off with: a wand of confusion (15/48), the Incunabulum of Good Luck, a scroll of teleportation, a +0 robe, a +0 dagger, a bread ration
     0 | D:1      | Reached XP level 1. HP: 20/20 MP: 3/3
     0 | D:1      | Identified the Incunabulum of Good Luck
     2 | D:1      | Learned a level 1 spell: Infusion
    17 | D:1      | Reached skill level 5 in Fighting
   108 | D:1      | Reached XP level 2. HP: 17/27 MP: 5/5
   461 | D:1      | Reached skill level 1 in Short Blades
   769 | D:1      | Reached XP level 3. HP: 34/34 MP: 6/6
   899 | D:2      | Reached skill level 6 in Fighting
  1292 | D:2      | Found a hazy altar of Hepliaklqana.
  1311 | D:2      | Learned a level 3 spell: Spectral Weapon
  1313 | D:2      | Noticed Robin
  1341 | D:2      | Shot with a stone by a goblin

Vault maps used:
D:1:      grunt_arrival_crossed_arrows
D:2:      cheibrodos_fertilizer, overflow_temple_1_default, uniq_robin

Skill      XL: |  1  2  3 |
---------------+----------+-----
Spellcasting   | 2 |  2.4
Fighting       | 5 6 |  6.1
Short Blades   | 1 |  1.9
Stealth        | 2 |  2.0
Dodging        | |  0.4
Charms         | |  0.9
Necromancy     | |  4.8
Fire Magic     | |  1.7
Evocations     | |  1.9

Action                   || total
-------------------------++-------
Melee: Dagger            ||   103
       Bite              ||     7
Throw: Stone             ||     9
 Cast: Infusion          ||     5
  Use: Potion            ||     2
       Scroll            ||     3
 Stab: Sleeping          ||     3
  Eat: Bread ration      ||     1
Armor: Robe              ||    16
Dodge: Dodged            ||    77
